[ AOE2 MATCH · #505748236 ]
UnrankedPortuguese vs Incas
Rival team · LOSS
[ REPLAY ANALYSIS · EXTRACTED FROM THE RECORDED GAME ]
Feudal
10:06
Castle
22:30
Imperial
36:09
| APM avg | 90.4 |
| APM peak | 137 |
| eAPM avg | 45.7 |
| Villagers / military | 102 / 112 |
Focus
⚔️ 56.4% · 🌾 43.6%
Archer ×98 · Scout Cavalry ×5 · Bombard Cannon ×4 · Trebuchet (Packed) ×4 · Scorpion ×1
Feudal
11:46
Castle
20:16
Imperial
36:47
| APM avg | 67.2 |
| APM peak | 120 |
| eAPM avg | 24.6 |
| Villagers / military | 103 / 78 |
Focus
⚔️ 41.7% · 🌾 58.3%
Archer ×43 · Skirmisher ×21 · Trebuchet (Packed) ×8 · Unknown (2550) ×4 · Spearman ×3 · Mangonel ×2
Match map
Initial resources + every placement click. Lines = walls · curves = elevation contours. ◆ gold · ⬟ stone · ● berries · ✦ relic · ◌ wall gap
Your base· ✓ Closed at 22:30 · 70t walls · 3 gate(s)
No soy Masche's base· ✓ Closed at 20:16 · 79t walls · 1 gate(s)
Smoothed initial terrain · ◌ = detected wall gap · hover for details
Inputs per minute
— IhateArena - - No soy Masche
Build order — IhateArena
First 150 of 367 actions detected
| 0:01 | Queue | Villager (Male) |
| 0:01 | Queue | Villager (Male) ×4 |
| 0:02 | Build | House |
| 0:03 | Build | House |
| 1:28 | Queue | Villager (Male) |
| 2:01 | Build | Lumber Camp |
| 2:02 | Queue | Villager (Male) |
| 2:02 | Queue | Villager (Male) |
| 2:18 | Queue | Villager (Male) |
| 2:43 | Queue | Villager (Male) |
| 3:01 | Build | House |
| 3:07 | Queue | Villager (Male) |
| 3:31 | Queue | Villager (Male) |
| 3:31 | Queue | Villager (Male) |
| 3:50 | Build | Mill |
| 3:52 | Queue | Villager (Male) |
| 4:26 | Queue | Villager (Male) |
| 4:26 | Queue | Villager (Male) |
| 4:48 | Queue | Villager (Male) |
| 5:04 | Build | House |
| 5:08 | Queue | Villager (Male) |
| 5:08 | Queue | Villager (Male) |
| 5:32 | Queue | Villager (Male) ×2 |
| 5:55 | Queue | Villager (Male) |
| 6:03 | Queue | Villager (Male) |
| 6:22 | Queue | Villager (Male) |
| 6:36 | Build | Palisade Wall |
| 6:37 | Build | Palisade Wall |
| 6:39 | Build | Palisade Wall |
| 6:40 | Build | Palisade Wall |
| 6:41 | Build | Palisade Wall |
| 6:54 | Queue | Villager (Male) |
| 7:06 | Research | Loom |
| 7:12 | Build | Palisade Wall |
| 7:13 | Build | Palisade Wall |
| 7:13 | Build | Palisade Wall |
| 7:14 | Build | Palisade Wall |
| 7:16 | Build | Palisade Wall |
| 7:20 | Build | Palisade Wall |
| 7:20 | Build | Palisade Wall |
| 7:22 | Build | Palisade Wall |
| 7:23 | Build | Palisade Wall |
| 7:24 | Build | Palisade Wall |
| 7:26 | Build | Palisade Wall |
| 7:27 | Build | Palisade Gate |
| 7:56 | Research | Feudal Age |
| 8:07 | Build | Barracks |
| 8:38 | Build | Palisade Wall |
| 8:39 | Build | Palisade Wall |
| 8:55 | Build | House |
| 9:19 | Build | Palisade Wall |
| 9:22 | Build | Palisade Wall |
| 9:24 | Build | Palisade Wall |
| 9:41 | Build | House |
| 9:54 | Build | Palisade Gate |
| 10:06 | Age | Feudal Age |
| 10:23 | Build | Stable |
| 10:25 | Build | Stable |
| 10:28 | Research | Double-Bit Axe |
| 10:30 | Queue | Villager (Male) |
| 10:32 | Build | House |
| 10:47 | Build | Farm |
| 10:48 | Build | Farm |
| 10:58 | Queue | Scout Cavalry |
| 10:58 | Queue | Scout Cavalry ×3 |
| 11:01 | Queue | Villager (Male) |
| 11:03 | Build | Farm |
| 11:05 | Build | Farm |
| 11:28 | Queue | Villager (Male) |
| 11:34 | Build | Farm |
| 11:36 | Build | Farm |
| 11:45 | Build | Farm |
| 11:46 | Queue | Villager (Male) |
| 11:48 | Build | House |
| 12:16 | Build | Farm |
| 12:18 | Queue | Scout Cavalry |
| 12:36 | Build | Farm |
| 12:45 | Build | Farm |
| 12:56 | Queue | Villager (Male) |
| 13:01 | Build | Palisade Wall |
| 13:02 | Build | Palisade Wall |
| 13:12 | Queue | Villager (Male) |
| 13:18 | Build | Mining Camp |
| 13:23 | Build | Palisade Wall |
| 13:25 | Build | Palisade Wall |
| 13:51 | Build | Palisade Wall |
| 13:57 | Queue | Villager (Male) |
| 14:02 | Build | Market |
| 14:04 | Build | Archery Range |
| 14:26 | Build | Lumber Camp |
| 14:32 | Queue | Villager (Male) |
| 14:33 | Queue | Villager (Male) |
| 14:42 | Build | Palisade Wall |
| 14:51 | Queue | Archer |
| 15:02 | Queue | Villager (Male) |
| 15:12 | Build | House |
| 15:14 | Build | House |
| 15:29 | Build | Palisade Wall |
| 15:31 | Queue | Archer |
| 15:31 | Queue | Archer |
| 15:32 | Queue | Archer |
| 15:33 | Queue | Villager (Male) |
| 16:03 | Build | Blacksmith |
| 16:08 | Queue | Villager (Male) |
| 16:34 | Queue | Villager (Male) |
| 16:36 | Build | Archery Range |
| 16:43 | Queue | Archer |
| 16:43 | Queue | Archer |
| 16:50 | Build | House |
| 17:05 | Build | Mining Camp |
| 17:07 | Queue | Villager (Male) |
| 17:08 | Queue | Villager (Male) |
| 17:18 | Build | House |
| 17:20 | Build | House |
| 17:31 | Queue | Archer |
| 17:31 | Queue | Archer |
| 17:34 | Queue | Archer |
| 18:02 | Research | Fletching |
| 18:07 | Build | House |
| 18:22 | Build | Farm |
| 18:23 | Queue | Villager (Male) |
| 18:47 | Build | House |
| 18:48 | Build | House |
| 18:56 | Queue | Archer |
| 18:56 | Queue | Archer |
| 18:56 | Queue | Archer |
| 18:56 | Queue | Archer |
| 18:57 | Queue | Archer |
| 18:57 | Queue | Archer |
| 18:57 | Queue | Archer |
| 18:57 | Queue | Archer |
| 19:00 | Build | House |
| 19:01 | Build | House |
| 19:03 | Build | House |
| 19:25 | Queue | Villager (Male) |
| 19:33 | Queue | Villager (Male) |
| 19:44 | Build | House |
| 19:48 | Research | Castle Age |
| 19:48 | Research | Castle Age |
| 20:16 | Build | House |
| 20:22 | Queue | Archer |
| 20:22 | Queue | Archer |
| 20:22 | Queue | Archer |
| 20:28 | Build | House |
| 20:35 | Build | Stone Wall |
| 20:40 | Build | Gate |
| 20:55 | Build | House |
| 20:57 | Build | Stone Wall |
| 21:28 | Research | Bloodlines |
| 21:31 | Build | Archery Range |
Build order — No soy Masche
First 150 of 273 actions detected
| 0:01 | Queue | Villager (Male) |
| 0:01 | Queue | Villager (Male) |
| 0:01 | Queue | Villager (Male) |
| 0:02 | Build | House |
| 0:04 | Build | House |
| 0:07 | Queue | Villager (Male) |
| 1:27 | Queue | Villager (Male) |
| 1:59 | Queue | Villager (Male) |
| 2:17 | Queue | Villager (Male) |
| 2:43 | Queue | Villager (Male) |
| 3:14 | Queue | Villager (Male) |
| 3:14 | Queue | Villager (Male) |
| 3:18 | Build | Barracks |
| 3:43 | Queue | Villager (Male) |
| 4:03 | Queue | Villager (Male) |
| 4:19 | Queue | Villager (Male) |
| 4:26 | Queue | Unit 2550 |
| 4:45 | Queue | Villager (Male) |
| 4:56 | Queue | Unit 2550 |
| 4:59 | Queue | Villager (Male) |
| 5:23 | Queue | Unit 2550 |
| 5:24 | Queue | Villager (Male) |
| 5:33 | Build | Settlement |
| 6:11 | Queue | Villager (Male) |
| 6:22 | Queue | Villager (Male) |
| 6:24 | Build | House |
| 6:31 | Queue | Unit 2550 |
| 6:35 | Queue | Villager (Male) |
| 6:55 | Queue | Villager (Male) |
| 7:09 | Queue | Villager (Male) |
| 7:13 | Queue | Villager (Male) |
| 7:47 | Queue | Villager (Male) |
| 7:48 | Queue | Villager (Male) |
| 7:51 | Queue | Villager (Male) |
| 7:52 | Queue | Villager (Male) |
| 8:06 | Queue | Villager (Male) |
| 8:20 | Queue | Villager (Male) |
| 8:35 | Queue | Villager (Male) |
| 9:14 | Build | Settlement |
| 9:23 | Research | Feudal Age |
| 9:24 | Research | Feudal Age |
| 10:12 | Build | Farm |
| 10:19 | Build | Farm |
| 10:39 | Build | House |
| 10:42 | Build | Palisade Wall |
| 10:47 | Build | House |
| 11:08 | Build | Palisade Wall |
| 11:28 | Queue | Villager (Male) |
| 11:34 | Build | Farm |
| 11:37 | Build | Palisade Wall |
| 11:46 | Age | Feudal Age |
| 11:52 | Queue | Villager (Male) |
| 11:56 | Research | Double-Bit Axe |
| 12:04 | Queue | Villager (Male) |
| 12:14 | Queue | Spearman |
| 12:14 | Queue | Spearman |
| 12:22 | Build | House |
| 12:29 | Research | Loom |
| 12:36 | Build | Palisade Wall |
| 12:38 | Build | Palisade Wall |
| 12:38 | Build | Palisade Wall |
| 12:39 | Build | Palisade Wall |
| 12:42 | Build | Farm |
| 12:48 | Queue | Villager (Male) |
| 12:48 | Queue | Villager (Male) |
| 12:55 | Queue | Villager (Male) |
| 12:57 | Queue | Villager (Male) |
| 13:00 | Build | Farm |
| 13:05 | Queue | Villager (Male) |
| 13:24 | Build | Palisade Wall |
| 13:25 | Queue | Villager (Male) |
| 13:27 | Queue | Villager (Male) |
| 13:34 | Build | Farm |
| 13:47 | Queue | Villager (Male) |
| 13:59 | Build | House |
| 14:01 | Queue | Villager (Male) |
| 14:05 | Build | Palisade Wall |
| 14:08 | Queue | Spearman |
| 14:18 | Queue | Villager (Male) |
| 14:22 | Queue | Villager (Male) |
| 14:27 | Build | Settlement |
| 14:28 | Queue | Villager (Male) |
| 14:46 | Build | Palisade Wall |
| 14:46 | Build | Palisade Wall |
| 14:49 | Build | Palisade Wall |
| 14:57 | Queue | Villager (Male) |
| 15:00 | Build | Palisade Wall |
| 15:09 | Queue | Villager (Male) |
| 15:12 | Build | Palisade Wall |
| 15:15 | Queue | Villager (Male) |
| 15:16 | Queue | Villager (Male) |
| 15:23 | Build | Palisade Gate |
| 15:40 | Queue | Villager (Male) |
| 15:41 | Queue | Villager (Male) |
| 15:54 | Build | Market |
| 15:57 | Queue | Villager (Male) |
| 16:09 | Research | Wheelbarrow |
| 16:19 | Queue | Villager (Male) |
| 16:37 | Build | Blacksmith |
| 17:19 | Research | Castle Age |
| 17:28 | Build | Archery Range |
| 17:39 | Build | House |
| 18:04 | Research | Fletching |
| 18:14 | Build | Stone Wall |
| 18:33 | Build | Stone Wall |
| 19:00 | Build | Stone Wall |
| 19:04 | Queue | Villager (Male) |
| 19:13 | Build | Settlement |
| 19:33 | Queue | Villager (Male) |
| 19:57 | Build | Archery Range |
| 20:00 | Queue | Archer |
| 20:09 | Build | Archery Range |
| 20:16 | Age | Castle Age |
| 20:19 | Research | Crossbowman (upgrade) |
| 20:28 | Research | Bodkin Arrow |
| 20:44 | Build | Farm |
| 20:45 | Build | Farm |
| 20:47 | Queue | Archer |
| 20:47 | Queue | Archer |
| 20:57 | Queue | Villager (Male) |
| 21:03 | Build | Siege Workshop |
| 21:19 | Queue | Archer |
| 21:19 | Queue | Archer |
| 21:19 | Queue | Archer |
| 21:36 | Queue | Archer |
| 21:36 | Queue | Archer |
| 21:37 | Queue | Archer |
| 21:40 | Build | Farm |
| 21:41 | Queue | Villager (Male) |
| 21:48 | Build | House |
| 21:53 | Queue | Villager (Male) |
| 22:00 | Build | Farm |
| 22:21 | Queue | Villager (Male) |
| 22:38 | Queue | Villager (Male) |
| 22:41 | Build | Farm |
| 22:53 | Build | Farm |
| 23:10 | Build | University |
| 23:20 | Research | Padded Archer Armor |
| 23:33 | Queue | Villager (Male) |
| 23:35 | Queue | Archer |
| 23:36 | Queue | Archer |
| 23:36 | Queue | Archer |
| 23:43 | Build | House |
| 23:54 | Queue | Archer |
| 23:54 | Queue | Archer |
| 24:06 | Queue | Villager (Male) |
| 24:22 | Build | House |
| 24:30 | Queue | Villager (Male) |
| 24:32 | Queue | Archer |
| 24:32 | Queue | Archer |
Match timeline
| 3:18 | No soy Masche · first_building Barracks |
| 6:36 | IhateArena · wall_segment Palisade Wall x1 |
| 6:37 | IhateArena · wall_segment Palisade Wall x1 |
| 6:39 | IhateArena · wall_segment Palisade Wall x1 |
| 6:40 | IhateArena · wall_segment Palisade Wall x1 |
| 6:41 | IhateArena · wall_segment Palisade Wall x1 |
| 7:12 | IhateArena · wall_segment Palisade Wall x1 |
| 7:13 | IhateArena · wall_segment Palisade Wall x1 |
| 7:13 | IhateArena · wall_segment Palisade Wall x1 |
| 7:14 | IhateArena · wall_segment Palisade Wall x2 |
| 7:16 | IhateArena · wall_segment Palisade Wall x1 |
| 7:20 | IhateArena · wall_segment Palisade Wall x1 |
| 7:20 | IhateArena · wall_segment Palisade Wall x1 |
| 7:22 | IhateArena · wall_segment Palisade Wall x1 |
| 7:23 | IhateArena · wall_segment Palisade Wall x1 |
| 7:24 | IhateArena · wall_segment Palisade Wall x1 |
| 7:26 | IhateArena · wall_segment Palisade Wall x1 |
| 8:07 | IhateArena · first_building Barracks |
| 8:38 | IhateArena · wall_segment Palisade Wall x1 |
| 8:39 | IhateArena · wall_segment Palisade Wall x1 |
| 9:19 | IhateArena · wall_segment Palisade Wall x5 |
| 9:22 | IhateArena · wall_segment Palisade Wall x3 |
| 9:24 | IhateArena · wall_segment Palisade Wall x3 |
| 10:06 | IhateArena · age_up feudal |
| 10:23 | IhateArena · first_building Stable |
| 10:42 | No soy Masche · wall_segment Palisade Wall x6 |
| 11:08 | No soy Masche · wall_segment Palisade Wall x11 |
| 11:37 | No soy Masche · wall_segment Palisade Wall x7 |
| 11:46 | No soy Masche · age_up feudal |
| 12:36 | No soy Masche · wall_segment Palisade Wall x1 |
| 12:38 | No soy Masche · wall_segment Palisade Wall x1 |
| 12:38 | No soy Masche · wall_segment Palisade Wall x1 |
| 12:39 | No soy Masche · wall_segment Palisade Wall x1 |
| 13:01 | IhateArena · wall_segment Palisade Wall x1 |
| 13:02 | IhateArena · wall_segment Palisade Wall x1 |
| 13:23 | IhateArena · wall_segment Palisade Wall x6 |
| 13:24 | No soy Masche · wall_segment Palisade Wall x1 |
| 13:25 | IhateArena · wall_segment Palisade Wall x6 |
| 13:51 | IhateArena · wall_segment Palisade Wall x1 |
| 14:04 | IhateArena · first_building Archery Range |
| 14:05 | No soy Masche · wall_segment Palisade Wall x7 |
| 14:42 | IhateArena · wall_segment Palisade Wall x10 |
| 14:46 | No soy Masche · wall_segment Palisade Wall x17 |
| 14:46 | No soy Masche · wall_segment Palisade Wall x5 |
| 14:49 | No soy Masche · wall_segment Palisade Wall x9 |
| 15:00 | No soy Masche · wall_segment Palisade Wall x4 |
| 15:12 | No soy Masche · wall_segment Palisade Wall x1 |
| 15:29 | IhateArena · wall_segment Palisade Wall x11 |
| 17:28 | No soy Masche · first_building Archery Range |
| 18:14 | No soy Masche · wall_segment Stone Wall x3 |
| 18:33 | No soy Masche · wall_segment Stone Wall x6 |
| 19:00 | No soy Masche · wall_segment Stone Wall x8 |
| 20:16 | No soy Masche · age_up castle |
| 20:25 | No soy Masche · first_market_buy 100 food |
| 20:35 | IhateArena · wall_segment Stone Wall x2 |
| 20:57 | IhateArena · wall_segment Stone Wall x1 |
| 21:03 | No soy Masche · first_building Siege Workshop |
| 22:20 | IhateArena · wall_segment Stone Wall x7 |
| 22:30 | IhateArena · age_up castle |
| 24:04 | No soy Masche · first_market_sell 100 stone |
| 26:28 | IhateArena · first_building Castle |
| 29:51 | No soy Masche · first_building Castle |
| 30:42 | IhateArena · first_market_buy 100 food |
| 32:01 | IhateArena · first_market_sell 100 stone |
| 33:16 | No soy Masche · wall_segment Palisade Wall x1 |
| 36:09 | IhateArena · age_up imperial |
| 36:47 | No soy Masche · age_up imperial |
| 37:11 | IhateArena · first_building Siege Workshop |
| 44:35 | No soy Masche · resign |
[ AI ANALYSIS · 1 CREDIT ]
What really happened in this match?
Wolo.gg analyzes every decision: build order, eco, micro, common mistakes by bracket. Personalized analysis on WhatsApp or Discord in 30 seconds.
Civ guide
Portuguese
Perfil
Jugador #10354539